 Dungeon Crawl Stone Soup version 0.21.1-1-g345015f (webtiles) character file.

196 Fang the Chopper (level 5, -3/49 HPs)
             Began as a Gargoyle Berserker on June 29, 2018.
             Was a Believer of Trog.
             Slain by a killer bee (7 damage)
             ... on level 4 of the Dungeon.
             The game lasted 00:03:09 (2436 turns).

Fang the Chopper (Gargoyle Berserker)               Turns: 2436, Time: 00:03:10

Health: -3/49      AC:  6    Str: 27    XL:     5   Next: 74%
Magic:  5/5        EV: 12    Int:  7    God:    Trog [**....]
Gold:   186        SH:  0    Dex:  9    Spells: 4/4 levels left

rFire    . . .     SeeInvis .   a - +0 hand axe
rCold    . . .     Gourm    .   (no shield)
rNeg     + . .     Faith    .   b - +0 animal skin
rPois    ∞         Spirit   .   (no helmet)
rElec    +         Reflect  .   (no cloak)
rCorr    .         Harm     .   (no gloves)
MR       .....                  (no boots)
Stlth    ..........             (no amulet)
HPRegen  0.16/turn              (no ring)
MPRegen  0.09/turn              (no ring)

@: berserking, very quick
A: negative energy resistance 1, electricity resistance, unbreathing,
petrification resistance, rot immunity, AC +4
a: Berserk, Trog's Hand, Burn Spellbooks, Renounce Religion


You were on level 4 of the Dungeon.
You worshipped Trog.
Trog was pleased with you.
You were not hungry.

You visited 1 branch of the dungeon, and saw 4 of its levels.

You collected 186 gold pieces.

Inventory:

Hand Weapons
 a - a +0 hand axe (weapon)
Armour
 b - a +0 animal skin (worn)
Wands
 k - a wand of polymorph (9)
 q - a wand of iceblast (10)
Scrolls
 e - 6 scrolls of teleportation {unknown}
 f - 2 scrolls of random uselessness {unknown}
 g - a scroll of enchant weapon {unknown}
 h - 4 scrolls of identify {unknown}
 j - a scroll of fog {unknown}
 o - a scroll of remove curse {unknown}
Potions
 d - a potion of might {unknown}
 i - a potion of ambrosia {unknown}
 l - a potion of agility {unknown}
 m - a potion of resistance {unknown}
 n - 2 potions of haste
 p - a potion of mutation {unknown}
 r - a potion of brilliance {unknown}
Comestibles
 c - 4 rations


   Skills:
 + Level 4.2 Fighting
 + Level 4.5 Axes
 + Level 2.5 Armour
 + Level 2.3 Dodging
 + Level 0.6 Stealth
 + Level 0.1 Unarmed Combat


You had 4 spell levels left.
You didn't know any spells.

Dungeon Overview and Level Annotations

Branches:
Dungeon (4/15)
 Temple: D:4-7

Altars:


Innate Abilities, Weirdness & Mutations

You are resistant to torment.
Your stone body is resilient. (AC +4)
You are immune to poison.
You resist negative energy. (rN+)
You are resistant to electric shocks. (rElec)
You can survive without breathing.
You are immune to petrification.
You are immune to rotting.


Message History

You are too injured to fight recklessly!
You're too hungry.
You barely miss the killer bee. The killer bee closely misses you.
Unknown command.
You hit the killer bee but do no damage.
The killer bee barely misses you. The killer bee stings you.
* * * LOW HITPOINT WARNING * * *
The killer bee closely misses you.
Unknown command.
You eat one of the 5 rations.
That ration really hit the spot!
The killer bee stings you.
* * * LOW HITPOINT WARNING * * *
The killer bee barely misses you.
A red film seems to cover your vision as you go berserk!
You feel yourself moving faster!
You feel mighty!
You feel a lot more hungry. The killer bee stings you.
* * * LOW HITPOINT WARNING * * *
The killer bee closely misses you.
You closely miss the killer bee. The killer bee stings you!
You die...

#..#..............
#....#######.#.#.#
#.#.## #.#.#.#
#.#.### #.#...#
#.###.....#
#.#.### .#
#......#.# #.#.#
....###.###.#
#.#.# ........#
#.# #...#
##.####@# #.#
#...# #y# #.#
#...#


yyy #.# #...# ##yy##.######...# #..##.......<..# ...##########..# ≈≈≈. ...# ≈≈≈≈
##.# ..# You could see 6 killer bees.

Vanquished Creatures
  Crazy Yiuf (D:2)
  Jessica (D:2)
  A worker ant (D:4)
  Robin (D:2)
  A gnoll (D:1)
  4 adders
  2 worms (D:2)
  2 dart slugs (D:3)
  A leopard gecko (D:3)
  An orc (D:3)
  3 giant cockroaches
  4 hobgoblins
  A quokka (D:4)
  4 bats (D:1)
  6 frilled lizards
  16 goblins
  3 kobolds
  5 rats
57 creatures vanquished.

Notes
Turn   | Place    | Note
-------+----------+-------------------------------------------
     0 | D:1      | Fang the Gargoyle Berserker began the quest for the Orb.
     0 | D:1      | Reached XP level 1. HP: 14/14 MP: 1/1
   251 | D:1      | Reached XP level 2. HP: 19/19 MP: 2/2
   463 | D:1      | Reached XP level 3. HP: 24/24 MP: 3/3
   789 | D:2      | Noticed Jessica
   800 | D:2      | Killed Jessica
   801 | D:2      | Reached XP level 4. HP: 29/29 MP: 4/4
   875 | D:2      | Found a runed door.
   970 | D:2      | Reached ** piety under Trog
   998 | D:2      | Noticed Robin
  1012 | D:2      | Killed Robin
  1292 | D:2      | Noticed Crazy Yiuf
  1301 | D:2      | Killed Crazy Yiuf
  1523 | D:3      | Reached XP level 5. HP: 30/33 MP: 5/5
  2436 | D:4      | Slain by a killer bee

Skill      XL: |  1  2  3  4  5 |
---------------+----------------+-----
Axes           | 3 4 |  4.5
Dodging        | 2 |  2.3
Fighting       | 4 |  4.2
Armour         | |  2.5
Stealth        | |  0.6
Unarmed Combat | |  0.1

Action                   |  1- 3 |  4- 6 || total
-------------------------+-------+-------++-------
Melee: Hand axe          |    69 |   133 ||   202
       Unarmed           |       |     6 ||     6
Invok: Berserk           |     2 |     4 ||     6
       Burn Spellbooks   |       |     1 ||     1
 Stab: Sleeping          |     2 |       ||     2
  Eat: Chunk             |       |     8 ||     8
       Ration            |       |     1 ||     1
Armor: Animal skin       |    17 |    48 ||    65
       Skin              |       |     2 ||     2
Dodge: Dodged            |    34 |    96 ||   130
